 Dungeon Crawl Stone Soup version 0.17.1-2-g5865329 (webtiles) character file.

153 FortyThree the Sneak (level 5, 0/26 HPs)
             Began as a Vine Stalker Assassin on Jan 15, 2016.
             Slain by a centaur (1 damage)
             ... on level 3 of the Dungeon.
             The game lasted 00:04:11 (1848 turns).

FortyThree the Sneak (Vine Stalker Assassin)        Turns: 1848, Time: 00:04:12

Health: 0/26       AC:  7    Str: 13    XL:     5   Next: 35%
Magic:  0/6        EV: 11    Int: 11    God:
Gold:   91         SH:  0    Dex: 17    Spells: 0 memorised, 4 levels left

rFire  . . .     SeeInvis .     a - +2 dagger
rCold  . . .     Clarity  .     c - +0 robe
rNeg   . . .     SustAt   .     (no shield)
rPois  .         Gourm    .     s - +0 helmet
rElec  .         Spirit   +     d - +0 cloak
rCorr  .         Warding  .     C - +2 pair of gloves
rMut   .         Stasis   .     (no boots)
MR     .....                    (no amulet)
Stlth  +++.......               (no ring)
                                h - ring of flight

@: not resistant to hostile enchantments, fairly stealthy
A: fangs 2, regeneration 1, magic shield, antimagic bite, no device heal 3, rot
immunity
a: Evoke Flight


You were on level 3 of the Dungeon.
You were not hungry.

You visited 1 branch of the dungeon, and saw 3 of its levels.

You collected 91 gold pieces.

Inventory:

Hand Weapons
 a - a +2 dagger (weapon)
 b - a +0 blowgun
Missiles
 e - 8 poisoned needles
 f - 2 curare-tipped needles
Armour
 c - a +0 robe (worn)
 d - a +0 cloak (worn)
 s - a +0 helmet (worn)
 C - a +2 pair of gloves (worn)
Jewellery
 h - a ring of flight (left hand)
 v - an uncursed ring of ice
Wands
 A - a wand of random effects (27)
Scrolls
 i - a scroll of fog {unknown}
 l - 2 scrolls of noise {unknown}
 r - 3 scrolls of identify {unknown}
 t - 2 scrolls of teleportation {unknown}
 w - 2 scrolls of fear {unknown}
 y - 3 scrolls of immolation {unknown}
 z - a scroll of magic mapping {unknown}
Potions
 k - a potion of mutation {unknown}
 n - a potion of flight {unknown}
 q - a potion of heal wounds {unknown}
 u - a potion of agility {unknown}
 x - a potion of curing {unknown}
 B - 2 potions of invisibility {unknown}
Comestibles
 g - 2 bread rations
 j - 2 meat rations
 m - a slice of pizza
 o - a beef jerky
 p - 3 fruits


   Skills:
 - Level 1.7 Fighting
 + Level 3.8 Short Blades
 - Level 1.7 Throwing
 - Level 0.7 Dodging
 + Level 6.5 Stealth


You had 4 spell levels left.
You didn't know any spells.

Dungeon Overview and Level Annotations

Branches:
Dungeon (3/15)

Altars:


Innate Abilities, Weirdness & Mutations

You have extremely sharp teeth.
Your natural rate of healing is unusually fast.
When hurt, damage is shared between your health and your magic reserves.
Your bite disrupts and absorbs the magic of your enemies.
Potions and wands cannot restore your health.
You are immune to rotting.


Message History

The centaur closely misses you.
You barely miss the centaur. Your bite misses the centaur.
The centaur is almost dead.
The centaur misses you. The centaur barely misses you.
You hit the centaur but do no damage. You bite the centaur, but do no damage.
The centaur is almost dead.
The centaur barely misses you.
You hit the centaur.
The centaur is almost dead.
The centaur hits you.
* * * LOW HITPOINT WARNING * * *
You barely miss the centaur. You bite the centaur. You drain its power.
You feel invigorated.
The centaur is almost dead.
The centaur hits you.
* * * LOW HITPOINT WARNING * * *
You barely miss the centaur.
The centaur is almost dead.
The centaur completely misses you. The centaur hits you.
You die...

.............'.........+....
###....####.........####.
##..#.## ##.......## ##
#...### ##.....## # ##.##
##...## # #.# ##'## # ##.##
#.# # ##...######## #.# #
#......((@c.# ##.## ######
##...###.##.###...###...##
##..# #.# ##.....#.###.#
##.# #.# ##...#.## ##. #.#
#.# ##.##.# #. #.# #.#
####.# #. #.. ... ... #.#
### ### ### ..# ###


You could see a centaur.

Vanquished Creatures
  An orc priest (D:3)
  An orc wizard (D:3)
  A gnoll (D:1)
  3 adders
  An adder skeleton (D:3)
  2 worms
  2 giant geckos (D:1)
  An orc (D:3)
  4 giant cockroaches
  5 hobgoblins
  5 jackals
  4 kobolds
  8 bats
  A giant newt (D:1)
  5 goblins
  7 rats
51 creatures vanquished.

Notes
Turn   | Place    | Note
--------------------------------------------------------------
     0 | D:1      | FortyThree the Vine Stalker Assassin began the quest for the Orb.
     0 | D:1      | Reached XP level 1. HP: 11/11 MP: 2/2
   170 | D:1      | Reached skill level 5 in Stealth
   186 | D:1      | Reached XP level 2. HP: 15/15 MP: 3/3
   469 | D:1      | Reached XP level 3. HP: 15/18 MP: 2/4
  1131 | D:2      | Reached XP level 4. HP: 15/23 MP: 5/5
  1207 | D:2      | Reached skill level 6 in Stealth
  1609 | D:3      | Reached XP level 5. HP: 16/26 MP: 6/6
  1825 | D:3      | Noticed a centaur
  1847 | D:3      | HP: 1/26 [centaur (1)]
  1848 | D:3      | Slain by a centaur

Action                   |  1- 3 |  4- 6 || total
-------------------------+-------+-------++-------
Melee: Dagger            |    81 |    69 ||   150
 Stab: Sleeping          |    16 |     2 ||    18
  Eat: Chunk             |       |     3 ||     3
